Map: Acid Plant LE

Players

Octa - Winner!

  • Race: Terran Terran
  • League: Platinum
  • Spawn Location: 11:00

SGRT

  • Race: Zerg Zerg
  • League: Diamond
  • Spawn Location: 5:00

VOD

Have the link to the VOD?

Description

Time

  • Played on: Aug. 18, 2018, 6:22 a.m.
  • Length: 8:54
Show
View Real Time Build Order
Export as new Build Order

Octa Terran - Winner!

Build Orders: Reaper Expand 

Get SALT Encoding   

  12  0:00  SCV  
  13  0:13  SCV  
  14  0:17  Supply Depot  
  14  0:25  SCV  
  15  0:39  SCV  
  15  0:42  Barracks  
  16  0:48  Refinery  
  16  0:51  SCV  
  17  1:03  SCV  
  18  1:15  SCV  
  19  1:29  Orbital Command  
  19  1:31  Reaper  
  20  1:47  Command Center  
  20  1:58  Barracks  
  20  2:01  SCV  
  21  2:14  SCV  
  22  2:19  Factory  
  22  2:25  Barracks Reactor  
  22  2:27  Supply Depot  
  22  2:31  SCV  
  22  2:32  Refinery  
  23  2:50  SCV  
  24  2:54  Barracks Tech Lab  
  24  3:01  Orbital Command  
  24  3:02  SCV  
  25  3:10  Marine x2  
  25  3:11  Supply Depot  
  27  3:16  Factory Reactor, Starport  
  27  3:18  Marine  
  28  3:26  SCV x2  
  30  3:31  Marine x2  
  32  3:44  SCV x2  
  32  3:46  Marine  
  35  3:49  Marine x2  
  36  4:06  SCV x2, Marine  
  36  4:07  Marine x2  
  41  4:12  Refinery  
  41  4:16  Supply Depot  
  41  4:19  SCV  
  41  4:20  SCV, Medivac x2  
  47  4:28  Engineering Bay  
  47  4:32  Marine x3  
  50  4:39  Supply Depot  
  50  4:40  Barracks  
  50  4:43  Barracks, Factory Tech Lab  
  50  4:52  SCV x2  
  52  4:56  Marine x3  
  55  5:03  Barracks, Stimpack  
  55  5:07  Liberator  
  55  5:13  Terran Infantry Weapons Level 1  
  55  5:16  Supply Depot  
  55  5:19  Marine x2  
  55  5:20  SCV x2  
  63  5:32  SCV x2  
  63  5:35  Barracks Reactor x2  
  64  5:36  Marine  
  64  5:38  Siege Tank  
  61  6:14  Marine x7  
  61  6:17  Barracks Reactor  
  68  6:32  Marine  
  62  6:34  Marine x6  
  62  6:35  Siege Tank  
  62  6:36  Medivac x2  
  62  6:39  SCV x2  
  75  6:43  Refinery  
  75  6:48  Command Center  
  75  6:50  Marine  
  75  6:51  SCV x2  
  78  7:04  Supply Depot  
  78  7:10  Supply Depot  
  78  7:12  Supply Depot  
  78  7:14  Armory  
  78  7:15  SCV, Marine x2  
  78  7:23  Engineering Bay  
  78  7:26  SCV, Marine x4  
  78  7:27  SCV  
  84  7:38  SCV, Supply Depot  
  84  7:39  SCV  
  86  7:56  Marine x9  
  86  7:57  Siege Tank  
  86  7:58  Medivac x2  
  100  7:59  SCV  
  100  8:00  SCV  
  100  8:04  Orbital Command  
  104  8:14  Marine  
Show
View Real Time Build Order
Export as new Build Order

SGRT Zerg 

Build Orders: Hatch First 

Get SALT Encoding   

  12  0:01  Drone  
  13  0:20  Drone  
  14  0:25  Overlord  
  14  0:29  Extractor  
  14  0:30  Extractor  
  14  0:31  Drone  
  14  0:32  Drone  
  16  0:47  Drone  
  17  1:04  Hatchery  
  17  1:06  Drone  
  17  1:09  Extractor  
  17  1:10  Drone  
  17  1:22  Spawning Pool  
  16  1:42  Drone  
  16  1:43  Drone x2  
  19  1:54  Overlord  
  19  2:09  Queen  
  19  2:15  Zergling x4, Queen  
  25  2:25  Metabolic Boost  
  25  2:41  Drone x2  
  25  2:42  Drone x3  
  30  2:48  Drone  
  31  3:09  Drone x3  
  34  3:17  Hatchery, Queen  
  35  3:42  Drone  
  35  3:43  Overlord x2  
  36  3:52  Evolution Chamber  
  36  3:53  Overlord  
  35  4:01  Queen  
  37  4:10  Drone x2  
  37  4:11  Baneling Nest  
  37  4:13  Extractor  
  37  4:14  Drone x3  
  40  4:22  Zergling x2  
  40  4:23  Zergling x6  
  44  4:29  Queen  
  46  4:34  Zerg Melee Weapons Level 1  
  46  4:43  Drone x3  
  49  4:55  Drone x4  
  49  4:56  Drone x4  
  57  5:02  Baneling x3  
  57  5:13  Drone  
  58  5:20  Spore Crawler  
  57  5:22  Drone  
  58  5:28  Spore Crawler  
  58  5:29  Spore Crawler, Zergling x4  
  58  5:31  Overlord  
  58  5:32  Overlord x5  
  58  5:45  Overlord x4  
  58  5:53  Extractor, Zergling x6  
  58  6:02  Zergling x8  
  58  6:03  Zergling x10  
  41  6:20  Zergling x10  
  45  6:29  Zergling x10  
  45  6:30  Zergling x2  
  43  6:57  Drone  
  43  6:58  Drone x6  
  43  6:59  Drone  
  50  7:10  Drone  
  52  7:22  Drone  
  52  7:23  Drone  
  53  7:48  Lair  
  53  8:01  Drone x6  
  53  8:02  Drone  
  60  8:15  Drone x5  
  60  8:16  Drone  
  66  8:26  Zergling x8  
  66  8:27  Zergling x2  
  71  8:35  Zergling x8  
Tags
 
Add a new tag
Caveats
  • Supply blocks, unpowered buildings, or Contaminate may cause inaccurate times.
  • Supply counts are checked every 10 seconds.